cohdb
Replays
Latest Replays
All Replays
Popular Replays
Top Player Replays
Match Explorer
How It Works
Community
CoH3 Stats
Reddit
Sign in to upload your games and track your stats! →
Sign in with Steam
Match 45651591
Unlisted
Match 45651591
Overview
Messages
Build Orders
End
Construct Section Command Post
Selects Heavy Armor Battlegroup
Infantry Section
Vickers Machine Gun Team
Royal Engineer Section
Infantry Section
Construct Platoon Command Post
Humber Armored Car
CMP 15cwt Truck
Selects Engineer Detachments
Infantry Training
Construct Company Command Post
ML 3-inch Mortar Team
Unlock Bishop Self-propelled Artillery
Bishop Self-propelled Artillery
Selects Forward Repair Assembly
Selects UNKNOWN (2162094)
Vickers Machine Gun Team
Vickers Machine Gun Team
Selects Light Vehicle Withdraw and Refit
Selects Radio Net
Selects Recon Artillery
Recon Artillery
Churchill IV Heavy Tank
CMP 15cwt Truck
Recon Artillery
CatNi_Tv
уехал на бомбас
MilfGuard
yarang
The.5th.InfantryDivision
민트초코감성
0
0
Comments
sign in to comment!
No comments posted yet!